 Dungeon Crawl Stone Soup version 0.30-a0-341-g682706514a (webtiles) character file.

Game seed: 7853069129121922454

49 Wintance the Trooper (level 3, 0/29 HPs)
             Began as a Demonspawn Monk on Nov 3, 2022.
             Slain by Crazy Yiuf
             ... wielding a +2 quarterstaff of chaos
              (12 damage)
             ... on level 2 of the Dungeon.
             The game lasted 00:05:39 (732 turns).

Wintance the Trooper (Demonspawn Monk)               Turns: 732, Time: 00:05:40

Health: 0/29       AC:  4    Str: 11    XL:     3   Next: 53%
Magic:  3/3        EV: 22    Int: 11    God:
Gold:   50         SH:  0    Dex: 17    Spells: 2/3 levels left

rFire   . . .      SeeInvis .    a - +0 falchion
rCold   . . .      Faith    .    (no shield)
rNeg    + . .      Spirit   .    k - +2 robe {rN+}
rPois   .          Reflect  .    (no helmet)
rElec   .          Harm     .    (no cloak)
rCorr   .          Rampage  .    (no gloves)
Will    .....                    (no boots)
Stlth   ++........               (no amulet)
HPRegen 0.24/turn                h - +4 ring of evasion
MPRegen 0.08/turn                (no ring)

@: agile
A: ignite blood 1, sturdy frame 1
a: no special abilities


You were on level 2 of the Dungeon.
You visited 1 branch of the dungeon, and saw 2 of its levels.

You collected 50 gold pieces.

Inventory:

Hand Weapons
 a - a +0 falchion (weapon)
 j - a +2 dagger of draining
Armour
 k - a +2 robe of positive energy (worn)
Jewellery
 h - a +4 ring of evasion (left hand)
Scrolls
 e - 2 scrolls of amnesia {unknown}
 g - a scroll of identify {unknown}
Potions
 c - a potion of ambrosia
 d - a potion of curing {unknown}
 f - a potion of degeneration {unknown}
 i - a potion of attraction {unknown}


   Skills:
 + Level 3.4 Fighting
 + Level 3.1 Long Blades
 - Level 3.0 Dodging
 - Level 2.0 Stealth
 + Level 0.5 Spellcasting
 + Level 0.6 Conjurations
 + Level 0.5 Air Magic


You had 2 spell levels left.
You knew the following spells:

 Your Spells              Type           Power      Damage    Failure   Level
a - Shock                 Conj/Air       4%         1d3       26%         1

Your spell library contained the following spells:

 Spells                   Type           Power      Damage    Failure   Level
 Swiftness                Air            1%         N/A       63%         3
 Airstrike                Air            0%         2d(1-17)  95%         4


Dungeon Overview and Level Annotations

Branches:
Dungeon (2/15)

Altars:

Annotations:
D:2 Crazy Yiuf


Innate Abilities, Weirdness & Mutations

Your demonic aura sometimes causes spilled blood to erupt in flames.
Your movements are slightly less encumbered by armour. (ER -2)


Message History

You have reached level 3!
Your experience leads to an increase in your attributes!
Increase (S)trength, (I)ntelligence, or (D)exterity?
You feel agile. x2; Your demonic ancestry asserts itself...
You feel less encumbered by your armour.
You start resting.
HP restored.
Things that are here:
a +0 club; a +2 robe of positive energy; the human corpse of Jessica
k - a +2 robe of positive energy You start removing your armour.
You continue taking off your +0 robe. x4
You finish taking off your +0 robe.
You start putting on your armour.
You continue putting on your +2 robe of positive energy. x5
You finish putting on your +2 robe of positive energy.
You feel more protected from negative energy.
You drop a +0 robe.
You open the door.
There is an open door here.
There is an open door here.
Found a hammer.
Found a runed translucent door.
You open the door. You hit Crazy Yiuf.
Crazy Yiuf is lightly wounded.
Crazy Yiuf whimpers, "Tosser!
Adder verde water."
Crazy Yiuf hits you with a +2 quarterstaff of chaos!
You completely miss Crazy Yiuf.
Crazy Yiuf is lightly wounded.
Crazy Yiuf hits you with a +2 quarterstaff of chaos!
You feel agile all of a sudden.
You slash Crazy Yiuf!
Crazy Yiuf is heavily wounded.
Crazy Yiuf whimpers, "Gum!"
Crazy Yiuf drinks a potion.
Crazy Yiuf seems to grow stronger.
You closely miss Crazy Yiuf.
Crazy Yiuf is heavily wounded.
Crazy Yiuf yells, "Snoogle sizzlefizz toodlewoodle!"
Crazy Yiuf completely misses you.
Crazy Yiuf hits you with a +2 quarterstaff of chaos!
You die...

####.# ##...##
#.###.#.#### #....#
##.....##
#.#........# #..###
#.......#
#.#.#...##.#
###...### #########
###..##.##.#
........# #...#.##.#
###...####♣♣♣♣♣
#........#
#..###.#..♣.♣♣♣ ###
#.....####
#..........♣..♣#...#
###.###
####.....P♣♣♣♣@g...#
#.# #...#.♣♣ ♣♣#..)#
#.# #.###♣♣ ### #.#
#.# #.# #.# #.#
##.############ #.#
#.#..>.)......####
#.#
#<###.##........#
#.# ###
#.###.##.##.#####.#


You could see Crazy Yiuf (strong).

Vanquished Creatures
  Jessica (D:2)
  A dart slug (D:2)
  A ball python (D:1)
  2 bats (D:1)
  3 endoplasms
  4 goblins
  3 hobgoblins (D:1)
  A quokka (D:1)
  2 frilled lizards (D:1)
  A rat (D:1)
19 creatures vanquished.

Notes
Turn   | Place    | Note
-------+----------+-------------------------------------------
     0 | D:1      | Wintance the Demonspawn Monk began the quest for the Orb.
     0 | D:1      | Reached XP level 1. HP: 18/18 MP: 1/1
   116 | D:1      | Reached skill level 2 in Stealth
   125 | D:1      | Gained mutation: Your demonic aura sometimes causes spilled
                  | blood to erupt in flames. [demonic ancestry]
   125 | D:1      | Reached XP level 2. HP: 17/24 MP: 2/2
   421 | D:1      | Reached skill level 3 in Long Blades
   421 | D:1      | Reached skill level 3 in Dodging
   447 | D:1      | Learned a level 1 spell: Shock
   556 | D:2      | Noticed Jessica
   563 | D:2      | Killed Jessica
   564 | D:2      | Gained mutation: Your movements are slightly less
                  | encumbered by armour. (ER -2) [demonic ancestry]
   564 | D:2      | Reached XP level 3. HP: 11/29 MP: 3/3
   723 | D:2      | Found a runed translucent door.
   724 | D:2      | Noticed Crazy Yiuf
   732 | D:2      | Slain by Crazy Yiuf

Illustrated notes

Levels and vault maps discovered:
D:1:      shiori_arrival_elements, layout_rooms
D:2:      layout_loops_corners, serial_shops, nicolae_shop_bloodbath_and_beyond,
          kennysheep_pointless_box, uniq_crazy_yiuf_cottage, uniq_jessica

Skill      XL: |  1  2 |
---------------+-------+-----
Stealth        | 2 |  2.0
Long Blades    | 3 |  3.1
Dodging        | 3 |  3.0
Fighting       | |  3.4
Spellcasting   | |  0.5
Conjurations   | |  0.6
Air Magic      | |  0.5

Action                   || total
-------------------------++-------
Melee: Falchion          ||    54
 Stab: Sleeping          ||     4
Armor: Robe              ||    10
Dodge: Dodged            ||    39

Table legend: (Time is in decaauts)
 A = Elapsed time spent in this place.
 B = Non-inter-level travel time spent in this place.
 C = Inter-level travel time spent in this place.
 D = Time resting spent in this place.
 E = Time spent auto-exploring this place.
 F = Levels seen in this place.
 G = Mean time per level.
                   A        B        C        D        E       F      G
               +--------+--------+--------+--------+--------+-----+--------+
         Total |    739 |    732 |      7 |     98 |     55 |   2 |  369.5 |
       Dungeon |    739 |    732 |      7 |     98 |     55 |   2 |  369.5 |
               +--------+--------+--------+--------+--------+-----+--------+

Top non-repeatable levels by time:
     D:1: 495 daAuts
     D:2: 243 daAuts
